 Dungeon Crawl Stone Soup version 0.28-a0-1412-gf95308ed99 (webtiles) character file.

Game seed: 5804202257597707203

23 Demosthentine the Skirmisher (level 2, 24/24 HPs)
             Began as a Demonspawn Abyssal Knight on Jan 7, 2022.
             Was a Follower of Lugonu.
             Got out of the dungeon alive.
             The game lasted 00:01:09 (1131 turns).

Demosthentine the Skirmisher (DsAK)                 Turns: 1131, Time: 00:01:10

Health: 24/24      AC:  3    Str: 13    XL:     2   Next: 72%
Magic:  4/4        EV: 11    Int: 11    God:    Lugonu [*.....]
Gold:   22         SH:  0    Dex: 13    Spells: 1/1 levels left

rFire   . . .      SeeInvis .   a - +1 spear
rCold   . . .      Faith    .   (no shield)
rNeg    . . .      Spirit   .   b - +0 leather armour
rPois   .          Reflect  .   (no helmet)
rElec   .          Harm     .   (no cloak)
rCorr   .          Rampage  .   (no gloves)
Will    .....                   (no boots)
Stlth   +.........              (no amulet)
HPRegen 0.08/turn               (no ring)
MPRegen 0.09/turn               (no ring)

@: no status effects
A: claws 1
a: Renounce Religion, Depart the Abyss


You escaped.
You worshipped Lugonu.
Lugonu was aware of your devotion.
You visited 1 branch of the dungeon, and saw 1 of its levels.
You visited the Abyss 1 time.

You collected 22 gold pieces.

Inventory:

Hand Weapons
 a - a +1 spear (weapon)
Armour
 b - a +0 leather armour (worn)
Jewellery
 h - a ring of positive energy
Scrolls
 c - a scroll of fog {unknown}
 d - 3 scrolls of identify {unknown}
 e - a scroll of immolation {unknown}
 g - a scroll of blinking {unknown}
Potions
 f - a potion of heal wounds {unknown}


   Skills:
 + Level 3.2 Fighting
 + Level 2.0 Polearms
 + Level 2.0 Armour
 + Level 1.3 Dodging
 + Level 2.9 Invocations


You had one spell level left.
You didn't know any spells.
Your spell library contained the following spells:

 Spells                   Type           Power      Damage    Failure   Level
 Corpse Rot               Necr/Air       0%         N/A       56%         2
 Dispel Undead            Necr           0%         3d6       99%         4
 Death Channel            Necr           0%         N/A       100%        6


Dungeon Overview and Level Annotations

Branches:
Dungeon (1/15)

Altars:


Innate Abilities, Weirdness & Mutations

You have sharp fingernails.


Message History

You barely miss the bat. The bat hits you. The bat barely misses you.
A bat is nearby!
You closely miss the bat. The bat barely misses you.
The bat hits you but does no damage.
You closely miss the bat. The bat hits you but does no damage.
The bat closely misses you.
A bat is nearby!
You reach to attack!
You hit the bat.
You kill the bat!
Lugonu accepts your kill.
You see here a bat corpse.
You see here a bat corpse.
Key pressed, stopping explore.
No target in view!
Key pressed, stopping explore.
No target in view!
No target in view!
There is an open door here.
You see here a rat skeleton.
Found a stone staircase leading down.
No target in view!
h - a ring of positive energy No target in view!
Done exploring.
No target in view!
Done exploring.
No target in view!
No target in view!
Done exploring.
No target in view!
No target in view!
Done exploring.
Done exploring.
You see here 9 stones.
There is an open door here.
There is an open door here.
There is an escape hatch in the floor here.
There is a staircase leading out of the dungeon here.
Are you sure you want to leave the Dungeon?
This will make you lose the game!
You have escaped!

....##########.#.##.####.#
#.#.##
....'...........>....# #.#
#.#..#
....####.###'###+###.###.#
#.##.# ....#
#.......+.).......# #.##.#
....# #.#+#.#'#####.#'#.#
#....# #####
#.+.#.#.....#.#...# ######
# #.#.#.#.....#.#.#.#
#.#.###..>..#'#.#.#
#.#.#.#..@..#.#.#.#
#.+.#.#.....+.#.+.#
#.#'#.#'###+#.###.#
#.'.....+.#)....+.#
#.###'###)###'#####
#.............#
#.#####.####### #.# #.#
#.# #.#


There were no monsters in sight!

Vanquished Creatures
  6 ball pythons (D:1)
  2 endoplasms (D:1)
  2 giant cockroaches (D:1)
  3 goblins (D:1)
  A hobgoblin (D:1)
  A quokka (D:1)
  4 bats (D:1)
  A kobold (D:1)
  2 rats (D:1)
22 creatures vanquished.

Notes
Turn   | Place    | Note
-------+----------+-------------------------------------------
     0 | Abyss:1  | Demosthentine the Demonspawn Abyssal Knight began the quest
                  | for the Orb.
     0 | Abyss:1  | Reached XP level 1. HP: 18/18 MP: 2/2
   102 | Abyss:1  | Noticed a small abomination
   104 | Abyss:1  | Noticed a large abomination
   107 | D:1      | Escaped the Abyss
   185 | D:1      | Reached skill level 1 in Dodging
   259 | D:1      | Reached * piety under Lugonu
   260 | D:1      | Gained mutation: You have sharp fingernails. [demonic
                  | ancestry]
   260 | D:1      | Reached XP level 2. HP: 22/24 MP: 4/4
  1131 | D:$      | Got out of the dungeon alive.

Illustrated notes

Levels and vault maps discovered:
D:1:      shiori_arrival_maze, layout_basic, serial_rivers,
          chequers_serial_rivers_large_b, chequers_serial_rivers_micro_d,
          chequers_serial_rivers_micro_b, chequers_serial_rivers_micro_b,
          hangedman_decor_growths

Skill      XL: |  1  2 |
---------------+-------+-----
Dodging        | 1 |  1.3
Polearms       | 2 |  2.0
Armour         | 2 |  2.0
Fighting       | |  3.2
Invocations    | |  2.9

Action                   || total
-------------------------++-------
Melee: Spear             ||    75
Invok: Depart the Abyss  ||     1
 Stab: Sleeping          ||     1
Armor: Leather armour    ||    26
Dodge: Dodged            ||    32

Table legend: (Time is in decaauts)
 A = Elapsed time spent in this place.
 B = Non-inter-level travel time spent in this place.
 C = Inter-level travel time spent in this place.
 D = Time resting spent in this place.
 E = Time spent auto-exploring this place.
 F = Levels seen in this place.
 G = Mean time per level.
                   A        B        C        D        E       F      G
               +--------+--------+--------+--------+--------+-----+--------+
         Total |   1157 |   1157 |      0 |      0 |    921 |   2 |  578.5 |
       Dungeon |   1050 |   1050 |      0 |      0 |    856 |   1 | 1050.0 |
         Abyss |    107 |    107 |      0 |      0 |     65 |   1 |  107.0 |
               +--------+--------+--------+--------+--------+-----+--------+

Top non-repeatable levels by time:
     D:1: 1050 daAuts
 Abyss:1: 107 daAuts
